 Dungeon Crawl Stone Soup version 0.27.1-33-g824d729ab1 (webtiles) character file.

Game seed: 3184161352002211850

37 Descartes the Ducker (level 3, -16/16 HPs)
             Began as a Felid Warper on Dec 21, 2021.
             Demolished by an orc (20 damage)
             ... on level 3 of the Dungeon.
             The game lasted 00:06:08 (2829 turns).

Descartes the Ducker (Felid Warper)                 Turns: 2829, Time: 00:06:09

Health: -16/16     AC:  1    Str: 14    XL:     3   Next: 21%
Magic:  7/7        EV: 19    Int: 14    God:
Gold:   83         SH:  0    Dex: 15    Spells: 4/6 levels left
                                        Lives:  0   Deaths: 1

rFire    . . .     SeeInvis +     - Unarmed
rCold    . . .     Faith    .   (shield unavailable)
rNeg     . . .     Spirit   .   (armour unavailable)
rPois    .         Reflect  .   (helmet unavailable)
rElec    .         Harm     .   (cloak unavailable)
rCorr    .         Rampage  .   (gloves unavailable)
Will     .....                  (boots unavailable)
Stlth    +.........             (no amulet)
HPRegen  0.05/turn              c - +6 ring of strength
MPRegen  0.10/turn              (no ring)

@: quick
A: very small, claws 1, fangs 3, see invisible, speed 1, shaggy fur 1, stealthy
paws, no weapons or thrown items, no armour, multi-lived
a: no special abilities


You were on level 3 of the Dungeon.
You visited 1 branch of the dungeon, and saw 3 of its levels.

You collected 83 gold pieces.

Inventory:

Missiles
 b - 26 stones
Jewellery
 c - a +6 ring of strength (left paw)
Wands
 l - a wand of flame (17)
Scrolls
 a - a scroll of blinking
 f - a scroll of torment {unknown}
 g - 4 scrolls of identify {unknown}
 i - a scroll of vulnerability {unknown}
 k - a scroll of fear {unknown}
Potions
 d - a potion of brilliance {unknown}
 e - a potion of flight {unknown}
 h - a potion of heal wounds {unknown}
 j - 2 potions of might {unknown}


   Skills:
 - Level 2.0 Fighting
 + Level 5.0 Dodging
 + Level 3.4 Unarmed Combat
 - Level 2.0 Spellcasting
 - Level 4.4 Translocations


You had 4 spell levels left.
You knew the following spells:

 Your Spells              Type           Power      Damage    Failure   Level
a - Blink                 Tloc           N/A        N/A       6%          2

Your spell library contained the following spells:

 Spells                   Type           Power      Damage    Failure   Level
 Gell's Gravitas          Tloc           6%         N/A       12%         3
 Lesser Beckoning         Tloc           6%         N/A       12%         3
 Teleport Other           Tloc           13%        N/A       12%         3
 Manifold Assault         Tloc           13%        N/A       73%         5
 Dispersal                Tloc           6%         N/A       99%         6


Dungeon Overview and Level Annotations

Branches:
Dungeon (3/15)

Altars:
Ashenzari

Annotations:
D:3 1 runed translucent door, Grabarz's ghost, amateur OgHu; Natasha


Innate Abilities, Weirdness & Mutations

You have sharp claws.
You have razor-sharp teeth.
You have supernaturally acute eyesight. (SInv)
You cover ground quickly. (Speed+)
You are covered in fur. (AC +1)
Your paws help you pounce on unaware monsters.
You are incapable of wielding weapons or throwing items.
You cannot wear armour.
You gain extra lives every three experience levels.


Message History

The orc wizard flickers and vanishes for a moment.
You barely miss the orc. Your bite misses the orc.
A dart slug comes into view.
You scratch the orc but do no damage.
The orc hits you with a +1 war axe of electrocution!
Ouch! That really hurt!
* * * LOW HITPOINT WARNING * * *
You are electrocuted!
You die...
You are now level 3!
You rejoin the land of the living...
Found a dagger.
A frilled lizard comes into view.
Found a mace.
The frilled lizard hisses angrily.
You scratch the frilled lizard.
You kill the frilled lizard!
You scratch the dart slug.
The dart slug is moderately wounded.
The dart slug barely misses you.
You scratch the dart slug but do no damage.
The dart slug is moderately wounded.
You scratch the dart slug. You bite the dart slug.
The dart slug is heavily wounded.
The dart slug bites you.
You scratch the dart slug.
The dart slug is severely wounded.
You scratch the dart slug.
You kill the dart slug!
Your Dodging skill increases to level 5!
No target in view!
An orc is nearby!
You scratch the orc.
The orc is severely wounded.
The orc hits you with a +1 war axe of electrocution!
Ouch! That really hurt!
* * * LOW HITPOINT WARNING * * *
You are electrocuted!!
Ouch! That really hurt!
You die...

#...# ##...## ##.##.....# # #...#
#...# #.##.#+#.# # #...#
#...######'####S##### ##.###
##...#........##S##... ...#
#######.............##W##...
.#####..............^..(.+#≈#....
.......#########...†.....##)#....
######.# ####..........#≈#....
#.###o...##@......... #...[
#>†o'oo...o.......... ...###
#####....##..)....... .o
#....##.......### # #.)
###.....## #. #......# # ######.#
..


You could see 3 orcs.

Vanquished Creatures
  Natasha (D:3)
  2 adders (D:2)
  A worm (D:2)
  2 dart slugs
  3 bats
  3 endoplasms (D:1)
  4 goblins
  2 hobgoblins
  2 quokkas
  3 ball pythons
  5 frilled lizards
  3 kobolds (D:1)
  3 rats (D:1)
34 creatures vanquished.

Notes
Turn   | Place    | Note
-------+----------+-------------------------------------------
     0 | D:1      | Descartes the Felid Warper began the quest for the Orb.
     0 | D:1      | Reached XP level 1. HP: 9/9 MP: 4/4
   501 | D:1      | Reached XP level 2. HP: 13/13 MP: 6/6
   895 | D:1      | Learned a level 2 spell: Blink
  1295 | D:1      | Reached skill level 4 in Dodging
  1573 | D:2      | Found a broken altar of Ashenzari.
  1626 | D:2      | Reached XP level 3. HP: 8/16 MP: 7/7
  2551 | D:3      | Noticed Natasha
  2562 | D:3      | Killed Natasha
  2563 | D:3      | Reached XP level 4. HP: 19/19 MP: 8/8
  2639 | D:3      | Noticed Natasha
  2746 | D:3      | Found a runed translucent door.
  2747 | D:3      | Noticed Grabarz's ghost (amateur OgHu)
  2762 | D:3      | Found a faded altar of an unknown god.
  2814 | D:3      | Slain by an orc
  2815 | D:3      | Reached XP level 3. HP: -3/16 MP: 7/7
  2823 | D:3      | Reached skill level 5 in Dodging
  2829 | D:3      | Demolished by an orc

Illustrated notes

Levels and vault maps discovered:
D:1:      psy_arrival_terrarium, layout_basic
D:2:      layout_loops_ring, basic_altar
D:3:      layout_basic, hellmonk_ecumenical_altar_crossroads,
          ebering_ghost_sewer_d, serial_shops, shop, lightli_corner_chamber,
          uniq_natasha

Skill      XL: |  1  2  3 |
---------------+----------+-----
Dodging        | 4 5 |  5.0
Unarmed Combat | 3 |  3.4
Fighting       | |  2.0
Spellcasting   | |  2.0
Translocations | |  4.4

Action                   |  1- 3 |  4- 6 || total
-------------------------+-------+-------++-------
Melee: Unarmed           |    86 |    16 ||   102
       Bite              |    11 |       ||    11
       Punch             |     1 |       ||     1
  Use: Potion            |     2 |       ||     2
 Stab: Sleeping          |     4 |       ||     4
Armor: Skin              |     4 |     2 ||     6
Dodge: Dodged            |    67 |    14 ||    81
